 Dungeon Crawl Stone Soup version 0.21.0-3-g78d12a8 (webtiles) character file.

4599 mopl the Martial Artist (level 10, -1/65 HPs)
             Began as a Barachi Transmuter on Jan 9, 2018.
             Was a Believer of Cheibriados.
             Slain by an iguana (13 damage)
             ... on level 8 of the Dungeon.
             The game lasted 00:18:04 (8097 turns).

mopl the Martial Artist (Barachi Transmuter)        Turns: 8097, Time: 00:18:05

Health: -1/65      AC:  5    Str: 16    XL:     10   Next: 41%
Magic:  14/14      EV: 13    Int: 22    God:    Cheibriados [**....]
Gold:   149        SH:  5    Dex: 18    Spells: 5/15 levels left

rFire    . . .     SeeInvis +     - Unarmed
rCold    . . .     Gourm    .   (no shield)
rNeg     . . .     Faith    .   p - +1 robe {MR+}
rPois    +         Spirit   .   (no helmet)
rElec    +         Reflect  +   j - +0 cloak
rCorr    .         Harm     .   (no gloves)
MR       +....                  D - +0 pair of boots
Stlth    ++........             H - amulet "Cintadwe" {Reflect Fragile rElec rPois SH+5 SInv}
HPRegen  0.20/turn              (no ring)
MPRegen  0.14/turn              (no ring)

@: very slow
A: +LOS, swims, slowness 1, strong legs 1
a: Hop, Bend Time, Renounce Religion


You were on level 8 of the Dungeon.
You worshipped Cheibriados.
Cheibriados was pleased with you.
You were not hungry.

You visited 2 branches of the dungeon, and saw 9 of its levels.
You also visited: Ossuary.

You collected 451 gold pieces.
You spent 302 gold pieces at shops.

Inventory:

Missiles
 a - 179 arrows
 r - 18 poisoned needles
 L - 3 tomahawks (quivered)
Armour
 j - a +0 cloak (worn)
 p - a +1 robe of magic resistance (worn)
 y - +0 steam dragon scales
 D - a +0 pair of boots (worn)
Magical Staves
 t - an uncursed staff of earth
Jewellery
 f - an uncursed ring of see invisible
 u - an uncursed amulet of guardian spirit
 H - the amulet "Cintadwe" (around neck) {Reflect Fragile rElec rPois SH+5 SInv}
   (You found it on level 6 of the Dungeon)

   [amulet of reflection]

   It shields you and reflects attacks.
   It insulates you from electricity.
   It protects you from poison.
   It lets you see invisible.
   It will be destroyed if unequipped.
   It affects your SH (+5).
Wands
 o - a wand of enslavement (25)
 C - a wand of flame (20)
 E - a wand of iceblast (7)
 F - a wand of digging (19)
Scrolls
 e - 3 scrolls of immolation {unknown}
 h - 2 scrolls of fear
 i - 4 scrolls of teleportation {unknown}
 k - 2 scrolls of enchant armour {unknown}
 m - a scroll of magic mapping {unknown}
 s - a scroll of noise {unknown}
 v - a scroll of enchant weapon {unknown}
 w - a scroll of random uselessness {unknown}
 x - 4 scrolls of remove curse {unknown}
 G - a scroll of fog {unknown}
Potions
 b - 2 potions of invisibility
 g - 2 potions of mutation {!q}
 l - 7 potions of curing
 n - a potion of cancellation
 q - a potion of agility
 z - 4 potions of brilliance {unknown}
 A - 2 potions of magic
 B - 3 potions of flight
 K - 4 potions of might
Books
 c - a book of Changes

   Spells                             Type                      Level
   a - Beastly Appendage              Transmutation                1
   b - Sticks to Snakes               Transmutation                2
   c - Spider Form                    Transmutation/Poison         3
   d - Ice Form                       Ice/Transmutation            4
   e - Blade Hands                    Transmutation                5
 J - a book of Necromancy

   Spells                             Type                      Level
   a - Pain                           Necromancy                   1
   b - Animate Skeleton               Necromancy                   1
   c - Vampiric Draining              Necromancy                   3
   d - Regeneration                   Charms/Necromancy            3
   e - Animate Dead                   Necromancy                   4
   f - Borgnjor's Vile Clutch         Necromancy/Earth             5
Comestibles
 d - 22 rations


   Skills:
 - Level 1.2 Fighting
 - Level 2.1 Dodging
 * Level 12.6 Unarmed Combat
 - Level 3.0 Spellcasting
 + Level 9.2 Transmutations
 - Level 4.0 Ice Magic
 - Level 2.6 Poison Magic


You had 5 spell levels left.
You knew the following spells:

 Your Spells              Type           Power        Failure   Level  Hunger
a - Beastly Appendage     Tmut           #####.       1%          1    None
b - Spider Form           Tmut/Pois      ####......   3%          3    ###....
d - Ice Form              Ice/Tmut       ####....     8%          4    ####...
w - Sticks to Snakes      Tmut           #####...     1%          2    ##.....


Dungeon Overview and Level Annotations

Branches:
Dungeon (8/15)             Temple (1/1) D:6
   Lair: D:8-11

Altars:
Ashenzari
Cheibriados
Dithmenos
Elyvilon
Fedhas
Gozag
Hepliaklqana
Kikubaaqudgha
Makhleb
Nemelex Xobeh
Okawaru
Qazlal
Ru
Sif Muna
Trog
Uskayaw
Vehumet
Wu Jian
Xom
Yredelemnul
Zin
The Shining One

Shops:
D:4 *   D:5 (   D:6 !

Annotations:
D:8 Joseph


Innate Abilities, Weirdness & Mutations

Shadows flee at your approach. (+LOS)
You can swim through water.
You cover ground slowly.
You can hop short distances.


Message History

Joseph, a Mercenary comes into view.
He is wielding a quarterstaff.
You see here a worker ant corpse.
You barely miss the iguana. The iguana closely misses you.
You barely miss the iguana. The iguana bites you.
Joseph shouts!
You hit the iguana.
The iguana is moderately wounded.
You closely miss the iguana.
The iguana is moderately wounded.
The iguana bites you.
Joseph unwields an uncursed quarterstaff.
Joseph wields a hunting sling.
Joseph shoots a sling bullet.
The sling bullet hits you!
You are too injured to fight recklessly!
Unknown command.
The iguana closely misses you.
Joseph shoots a sling bullet.
The sling bullet hits you!
* * * LOW HITPOINT WARNING * * *
The iguana bites you!
You die...

........................>#
.############.#.#.########
)≈≈.#########.#.#.###############
≈.≈≈..........#.#................
≈_..###########.#################
≈≈≈...........#..............####
≈.≈≈####### #..############.....
.........# #..#<......# ######
......##.# # #.l@.#.###.#
.......# #.#(##.#...# .......#.#
#......#.#.# .......#.#
#......#.#.# #......#.#
#..###@#.#.# '......#.#
#.......@#.#+### #......#.#
##.###.#.......# #......#.####.#
#.#.......# #......#.#....#
#.........#


You could see Joseph and an iguana.

Vanquished Creatures
  A two-headed ogre (D:8)
  The ghost of Gobbopathe the Grappler, a novice VSTm of Wu Jian (D:8)
  The ghost of RollingDesktops the Slasher, a novice DrCK of Xom (D:6)
  Sigmund (D:3)
  A yak (D:7)
  A wyvern (D:7)
  3 hogs
  A human (D:7)
  A steam dragon (D:8)
  An ice beast (D:3)
  An orc warrior (D:8)
  A phantom (D:8)
  4 ogres
  A centaur (D:7)
  An elf zombie (Ossuary)
  3 bullfrogs
  2 crimson imps (D:5)
  A bullfrog zombie (D:6)
  3 hounds
  A jelly (D:8)
  A bullfrog skeleton (D:5)
  2 centaur skeletons
  A centaur zombie (Ossuary)
  2 orc priests
  Ijyb (D:4)
  Jessica (D:2)
  An iguana (D:6)
  An orc wizard (D:8)
  4 worker ants
  2 big kobold zombies (Ossuary)
  2 mummies (Ossuary)
  A howler monkey zombie (D:5)
  A worker ant zombie (D:7)
  Robin (D:3)
  5 gnolls
  4 adders
  A howler monkey skeleton (D:8)
  A shadow imp (D:8)
  An ooze (D:3)
  3 adder zombies (Ossuary)
  2 worms (D:3)
  4 dart slugs
  4 leopard geckos
  13 orcs
  13 bats
  8 giant cockroaches
  14 goblins
  9 hobgoblins
  8 jackals
  4 ball pythons (D:1)
  5 frilled lizards
  4 goblin zombies (Ossuary)
  7 hobgoblin zombies (Ossuary)
  A jackal zombie (D:7)
  7 kobolds
  10 kobold zombies
  A leopard gecko skeleton (D:6)
  8 orc zombies (Ossuary)
  7 rats
  A rat zombie (Ossuary)
196 creatures vanquished.

Notes
Turn   | Place    | Note
-------+----------+-------------------------------------------
     0 | D:1      | mopl the Barachi Transmuter began the quest for the Orb.
     0 | D:1      | Reached XP level 1. HP: 15/15 MP: 3/3
   109 | D:1      | Reached XP level 2. HP: 17/21 MP: 3/5
   114 | D:1      | Learned a level 2 spell: Sticks to Snakes
   255 | D:1      | Reached skill level 4 in Unarmed Combat
   477 | D:1      | Reached XP level 3. HP: 23/26 MP: 2/6
   490 | D:1      | Learned a level 3 spell: Spider Form
   613 | D:1      | Reached skill level 3 in Transmutations
  1007 | D:2      | Reached XP level 4. HP: 27/32 MP: 3/7
  1133 | D:2      | Found a blossoming altar of Fedhas.
  1134 | D:2      | Found an ancient bone altar of Kikubaaqudgha.
  1188 | D:2      | Noticed Jessica
  1201 | D:2      | Killed Jessica
  1201 | D:2      | Reached skill level 1 in Poison Magic
  1324 | D:2      | Reached skill level 5 in Unarmed Combat
  1462 | D:2      | Reached XP level 5. HP: 32/37 MP: 4/8
  1988 | D:3      | Noticed an ice beast
  2003 | D:3      | HP: 1/37 [ice beast (8)]
  2727 | D:3      | Found a faded altar of an unknown god.
  2811 | D:3      | Found a sparkling altar of Nemelex Xobeh.
  2816 | D:3      | Noticed Sigmund
  2832 | D:3      | Killed Sigmund
  2832 | D:3      | Reached skill level 6 in Unarmed Combat
  2832 | D:3      | Reached skill level 4 in Transmutations
  2832 | D:3      | Reached skill level 2 in Poison Magic
  2832 | D:3      | Reached XP level 6. HP: 34/43 MP: 4/9
  2848 | D:3      | Killed an ice beast
  2859 | D:3      | Noticed Robin
  2897 | D:3      | Killed Robin
  2915 | D:3      | Reached XP level 7. HP: 16/48 MP: 1/10
  3336 | D:4      | Found Saetitt's Assorted Antiques.
  3355 | D:4      | Bought a scroll labeled LIUW JYGOPSO for 25 gold pieces
  3355 | D:4      | Bought a smoky green potion for 22 gold pieces
  3355 | D:4      | Bought 2 dark potions for 45 gold pieces
  3557 | D:4      | Noticed Ijyb
  3592 | D:5      | Entered Level 5 of the Dungeon
  3628 | D:5      | Reached skill level 7 in Unarmed Combat
  3663 | D:5      | Found Zusky's Weapon Shoppe.
  3830 | D:5      | Learned a level 4 spell: Ice Form
  3904 | D:5      | Reached skill level 5 in Transmutations
  4106 | D:4      | Reached skill level 1 in Ice Magic
  4125 | D:4      | Killed Ijyb
  4678 | D:6      | Reached skill level 2 in Ice Magic
  4678 | D:6      | Reached XP level 8. HP: 40/54 MP: 5/11
  4704 | D:6      | Reached skill level 8 in Unarmed Combat
  4711 | D:6      | Got a translucent lead amulet
  4713 | D:6      | Identified the amulet "Cintadwe" {Reflect Fragile rElec rPois SH+5 SInv} (You found it on level 6 of the Dungeon)
  4751 | D:6      | Found Uduikkam's Distillery.
  4759 | D:6      | Bought a potion of degeneration for 15 gold pieces
  4759 | D:6      | Bought a potion of haste for 150 gold pieces
  4759 | D:6      | Bought a potion of curing for 45 gold pieces
  4946 | D:6      | Noticed a dagger
  4948 | D:6      | Noticed a hand axe
  4988 | D:6      | Noticed RollingDesktops's ghost (novice DrCK)
  5016 | D:6      | Killed RollingDesktops's ghost
  5016 | D:6      | Reached skill level 9 in Unarmed Combat
  5016 | D:6      | Reached skill level 6 in Transmutations
  5016 | D:6      | Reached skill level 4 in Ice Magic
  5027 | D:6      | Found a staircase to the Ecumenical Temple.
  5040 | Temple   | Entered the Ecumenical Temple
  5161 | Temple   | Became a worshipper of Cheibriados the Contemplative
  5327 | D:6      | Found a hide-covered altar of Uskayaw.
  5724 | D:7      | Found a sand-covered staircase.
  5731 | Ossuary  | Entered an ossuary
  5814 | Ossuary  | Reached * piety under Cheibriados
  5861 | Ossuary  | Reached XP level 9. HP: 49/59 MP: 8/12
  6008 | D:7      | Reached skill level 10 in Unarmed Combat
  6008 | D:7      | Reached skill level 7 in Transmutations
  6626 | D:7      | Reached skill level 3 in Spellcasting
  6726 | D:7      | Reached ** piety under Cheibriados
  6726 | D:7      | Reached skill level 11 in Unarmed Combat
  7024 | D:8      | Noticed Gobbopathe's ghost (novice VSTm)
  7036 | D:8      | Killed Gobbopathe's ghost
  7036 | D:8      | Reached skill level 8 in Transmutations
  7040 | D:8      | Reached XP level 10. HP: 39/65 MP: 10/14
  7242 | D:8      | Found a blossoming altar of Fedhas.
  7253 | D:8      | Noticed a two-headed ogre
  7266 | D:8      | Killed a two-headed ogre
  7266 | D:8      | Reached skill level 12 in Unarmed Combat
  7527 | D:8      | Reached skill level 9 in Transmutations
  8092 | D:8      | Noticed Joseph
  8097 | D:8      | Slain by an iguana

Skill      XL: |  1  2  3  4  5  6  7  8  9 10 |
---------------+-------------------------------+-----
Unarmed Combat | 4 5 6 7 9 11 12 | 12.6
Transmutations | 3 4 5 6 8 9 |  9.2
Poison Magic   | 1 2 |  2.6
Ice Magic      | 2 4 |  4.0
Spellcasting   | 3 |  3.0
Fighting       | |  1.2
Dodging        | |  2.1

Action                   |  1- 3 |  4- 6 |  7- 9 | 10-12 || total
-------------------------+-------+-------+-------+-------++-------
Melee: Unarmed           |   127 |   140 |   290 |    78 ||   635
       Headbutt          |     6 |       |       |       ||     6
       Kick              |     8 |       |       |       ||     8
       Punch             |     2 |     3 |     3 |       ||     8
 Cast: Beastly Appendage |    14 |       |       |       ||    14
       Sticks to Snakes  |     1 |       |     3 |       ||     4
       Spider Form       |     5 |    18 |    18 |     4 ||    45
       Ice Form          |       |       |     3 |     2 ||     5
 Abil: End Transformatio |       |     2 |     2 |       ||     4
       Hop               |       |     1 |     1 |       ||     2
  Use: Scroll            |       |     3 |     5 |     1 ||     9
       Potion            |       |     3 |     1 |       ||     4
 Stab: Sleeping          |     3 |     1 |     1 |       ||     5
       Invisible         |       |     9 |       |       ||     9
  Eat: Chunk             |     2 |     8 |    13 |     3 ||    26
       Ration            |       |       |     1 |       ||     1
Armor: Robe              |    56 |    15 |    11 |     4 ||    86
       Skin              |     1 |     3 |    21 |     5 ||    30
Dodge: Dodged            |   124 |    90 |   158 |    38 ||   410
Block: Other             |       |       |    45 |     8 ||    53
       Reflection        |       |       |     1 |       ||     1
